 Dungeon Crawl Stone Soup version 0.26.0-18-gc5c842f807 (webtiles) character file.

Game seed: 12289184102743032555

623 inqbanana the Skirmisher (level 7, -1/74 HPs)
             Began as an Ogre Chaos Knight on Jan 22, 2021.
             Was a Plaything of Xom.
             Slain by an ice dragon (glowing shapeshifter) (14 damage)
             ... on level 5 of the Dungeon.
             The game lasted 00:08:24 (4561 turns).

inqbanana the Skirmisher (Ogre Chaos Knight)        Turns: 4561, Time: 00:08:25

Health: -1/74      AC: 10    Str: 19    XL:     7   Next: 47%
Magic:  7/7        EV: 15    Int: 13    God:    Xom [.....*]
Gold:   227        SH:  0    Dex: 10    Spells: 6/6 levels left

rFire    . . .     SeeInvis .   a - +0 mace (chaos)
rCold    . . .     Faith    .   (no shield)
rNeg     . . .     Spirit   .   b - +2 robe
rPois    .         Reflect  .   t - +2 hat
rElec    .         Harm     .   f - +2 cloak
rCorr    .         Rampage  .   (gloves unavailable)
Will     +....                  (boots unavailable)
Stlth    ++........             (no amulet)
HPRegen  0.22/turn              g - ring of stealth
MPRegen  0.10/turn              k - +4 ring of evasion

@: lethally poisoned (-1 -> -19), hasted, very quick
A: large, unfitting armour, hooves 1, strong-willed 1, screaming 1, strong 1,
tough skin 1
a: Renounce Religion


You were on level 5 of the Dungeon.
You worshipped Xom.
You were Xom's teddy bear.
You visited 2 branches of the dungeon, and saw 6 of its levels.

You collected 227 gold pieces.

Inventory:

Hand Weapons
 a - a +0 mace of chaos (weapon)
 r - a +0 giant spiked club
 u - a +2 glaive of chaos
Missiles
 m - 6 boomerangs (quivered)
Armour
 b - a +2 robe (worn)
 d - a scarf of shadows
 f - a +2 cloak (worn)
 j - a scarf of harm
 t - a +2 hat (worn)
Jewellery
 g - a ring of stealth (left hand)
 i - an uncursed ring of attention
 k - a +4 ring of evasion (right hand)
 o - an uncursed ring of resist corrosion
 v - an uncursed ring of protection from fire
Wands
 q - a wand of disintegration (13)
Scrolls
 c - 3 scrolls of identify
 e - a scroll of fog
 h - 2 scrolls of immolation
 l - 2 scrolls of magic mapping
 n - a scroll of blinking {unknown}
 s - a scroll of enchant armour
 w - a scroll of remove curse
Potions
 p - 2 potions of curing


   Skills:
 + Level 5.7 Fighting
 * Level 4.8 Maces & Flails
 + Level 2.0 Throwing
 + Level 2.2 Armour
 + Level 3.4 Dodging
 + Level 1.8 Stealth


You had 6 spell levels left.
You didn't know any spells.
Your spell library was empty.

Dungeon Overview and Level Annotations

Branches:
Dungeon (5/15)             Temple (1/1) D:4

Altars:
Okawaru
Vehumet
Zin


Innate Abilities, Weirdness & Mutations

You are too large for most types of armour.
You have tough skin. (AC +1)
You have large cloven feet.
You are strong-willed. (Will+)
You occasionally shout uncontrollably at your foes.
Your muscles are strong. (Str +2)


Message History

The ice dragon claws you!
* * * LOW HITPOINT WARNING * * *
The ice dragon closely misses you.
You hit the ice dragon.
You feel better.
You kick the ice dragon, but do no damage.
The ice dragon is lightly wounded.
* * * LOW HITPOINT WARNING * * *
You feel sick.
Unknown command.
* * * LOW HITPOINT WARNING * * *
You feel sick.
You catch the helpless ice dragon completely off-guard!
You hit the ice dragon but do no damage.
The ice dragon is lightly wounded.
* * * LOW HITPOINT WARNING * * *
You feel sick.
* * * LOW HITPOINT WARNING * * *
You feel sick.
The ice dragon seems less confused.
The ice dragon bites you!
You die...
Xom laughs nastily!

#..##.......#.......#..[....##.>.
#..##.......#.......#...##..##...
#...........#.......#...##+###...
#...........'.......#........'...
#..##.......#.......#......)##...
#####..######.......#...##..##...
.....# .. #..(....######..##...
...........#..D....#...##...#...
..##.......#...@...#....'.).#...
.. #.......'.......#....#...#...
#...#.......#....#...#>.. #
#...#.......##########+##
#..##...###..................
#.........#..................
#......'...............)..
#.####.#..................
############....#####


You could see an ice dragon shaped shifter.

Vanquished Creatures
  2 ogres
  A centaur (D:5)
  A scorpion (Temple)
  A centaur zombie (D:4)
  An orc wizard (D:5)
  An orc priest (D:5)
  2 worker ants (D:4)
  A hound skeleton (D:4)
  2 worker ant zombies (D:4)
  A gnoll (D:1)
  4 adders
  4 oozes
  3 adder zombies (D:4)
  An adder skeleton (D:4)
  3 leopard geckos
  2 orcs (D:5)
  11 bats
  7 giant cockroaches
  7 goblins
  6 hobgoblins
  8 jackals
  A quokka (D:2)
  A ball python (D:5)
  A ball python zombie (D:4)
  2 frilled lizards
  A giant cockroach zombie (D:4)
  2 jackal skeletons (D:4)
  5 kobolds
  A leopard gecko zombie (D:4)
  2 quokka skeletons (D:4)
  2 quokka zombies (D:4)
  9 rats
96 creatures vanquished.

Vanquished Creatures (others)
  A withered plant (D:4)
1 creature vanquished.

Grand Total: 97 creatures vanquished

Notes
Turn   | Place    | Note
-------+----------+-------------------------------------------
     0 | D:1      | inqbanana the Ogre Chaos Knight began the quest for the
                  | Orb.
     0 | D:1      | Reached XP level 1. HP: 24/24 MP: 1/1
    38 | D:1      | XOM: silly message
   130 | D:1      | Reached XP level 2. HP: 32/32 MP: 2/2
   270 | D:1      | Reached XP level 3. HP: 39/40 MP: 3/3
   270 | D:1      | XOM: divination: detect creatures
   373 | D:1      | XOM: divination: detect items
   607 | D:1      | Reached skill level 1 in Armour
   946 | D:2      | Reached XP level 4. HP: 49/49 MP: 4/4
  1112 | D:2      | XOM: give mutation
  1112 | D:2      | Gained mutation: Armour fits poorly on your strangely
                  | shaped body. [Xom's mischief]
  1535 | D:2      | XOM: noise
  1800 | D:2      | XOM: give mutations
  1800 | D:2      | Gained mutation: You are occasionally teleported next to
                  | monsters. [Xom's mischief]
  1800 | D:2      | Gained mutation: You occasionally shout uncontrollably at
                  | your foes. [Xom's mischief]
  2304 | D:3      | XOM: summons 3 hostile demons
  2391 | D:3      | XOM: silly message
  2494 | D:3      | Found a radiant altar of Vehumet.
  2508 | D:3      | Reached XP level 5. HP: 51/55 MP: 5/5
  2688 | D:3      | XOM: silly message
  2760 | D:3      | Lost mutation: You occasionally shout uncontrollably at
                  | your foes. [potion of mutation]
  2760 | D:3      | Lost mutation: You are occasionally teleported next to
                  | monsters. [potion of mutation]
  2760 | D:3      | Lost mutation: Armour fits poorly on your strangely shaped
                  | body. [potion of mutation]
  2760 | D:3      | Gained mutation: You occasionally shout uncontrollably at
                  | your foes. [potion of mutation]
  2760 | D:3      | Gained mutation: You have supernaturally acute eyesight.
                  | (SInv) [potion of mutation]
  2760 | D:3      | Gained mutation: You are robust. (+10% HP) [potion of
                  | mutation]
  2760 | D:3      | Gained mutation: Your muscles are strong. (Str +2) [potion
                  | of mutation]
  2794 | D:3      | XOM: noise
  2859 | D:4      | XOM: enchant monster (good)
  2861 | D:4      | XOM: divination: detect items
  2917 | D:4      | XOM: 1-stop teleportation journey
  2918 | D:4      | Noticed an ogre
  2919 | D:4      | Found a staircase to the Ecumenical Temple.
  2925 | Temple   | Entered the Ecumenical Temple
  2937 | Temple   | XOM: blink monster(s)
  2938 | Temple   | Killed an ogre
  2939 | Temple   | Reached skill level 5 in Fighting
  2939 | Temple   | Reached skill level 1 in Throwing
  2939 | Temple   | Reached skill level 1 in Stealth
  2939 | Temple   | Reached XP level 6. HP: 23/72 MP: 6/6
  3274 | D:4      | XOM: noise
  3373 | D:4      | XOM: god gift: glowing glaive {god gift}
  3559 | D:4      | XOM: summons friendly white imp
  3671 | D:4      | Found an iron altar of Okawaru.
  3687 | D:4      | Reached XP level 7. HP: 79/79 MP: 7/7
  3803 | D:5      | Entered Level 5 of the Dungeon
  3914 | D:5      | Found a glowing silver altar of Zin.
  3948 | D:5      | XOM: silly message
  4006 | D:5      | Noticed a glowing shapeshifter
  4006 | D:5      | a howler monkey changed into a glowing shapeshifter
  4006 | D:5      | Noticed an ettin
  4006 | D:5      | a glowing shapeshifter changed into an ettin
  4012 | D:5      | XOM: silly message
  4012 | D:5      | Noticed an eight-headed hydra
  4012 | D:5      | an ettin changed into an eight-headed hydra
  4014 | D:5      | Noticed a minotaur
  4014 | D:5      | an eight-headed hydra changed into a minotaur
  4016 | D:5      | XOM: scenery: 2 doors open
  4016 | D:5      | Noticed an emperor scorpion
  4016 | D:5      | a minotaur changed into an emperor scorpion
  4017 | D:5      | Noticed a queen ant
  4017 | D:5      | an emperor scorpion changed into a queen ant
  4022 | D:5      | XOM: confuse monster(s)
  4022 | D:5      | Noticed an emperor scorpion
  4022 | D:5      | a queen ant changed into an emperor scorpion
  4024 | D:5      | Noticed a catoblepas
  4024 | D:5      | an emperor scorpion changed into a catoblepas
  4358 | D:5      | Lost mutation: You have supernaturally acute eyesight.
                  | (SInv) [potion of mutation]
  4358 | D:5      | Lost mutation: You are robust. (+10% HP) [potion of
                  | mutation]
  4358 | D:5      | Gained mutation: You are strong-willed. (Will+) [potion of
                  | mutation]
  4358 | D:5      | Gained mutation: You have large cloven feet. [potion of
                  | mutation]
  4548 | D:5      | Noticed a wolf spider
  4554 | D:5      | XOM: god gift: 18 sling bullets
  4555 | D:5      | Noticed an ice dragon
  4555 | D:5      | a wolf spider changed into an ice dragon
  4561 | D:5      | Slain by an ice dragon (glowing shapeshifter)

Illustrated notes

Levels and vault maps discovered:
D:1:      minmay_arrival_jagged, layout_basic
D:2:      layout_loops_ring
D:3:      layout_basic, old_standard_altar
D:4:      layout_cave_pools, okawaru_ov_weapons_minmay, temple_fountains,
          serial_undead, serial_undead_a, serial_undead_b, serial_undead_c,
          serial_undead_a, serial_undead_a, serial_undead_c
D:5:      layout_gridville, serial_shops, shop, basic_altar,
          fedhas_ov_isle_minmay
Temple:   nicolae_temple_figure_eight

Skill      XL: |  1  2  3  4  5  6  7 |
---------------+----------------------+-----
Maces & Flails | 3 4 |  4.8
Armour         | 1 2 |  2.2
Fighting       | 5 |  5.7
Throwing       | 1 2 |  2.0
Dodging        | 3 |  3.4
Stealth        | 1 |  1.8

Action                   |  1- 3 |  4- 6 |  7- 9 || total
-------------------------+-------+-------+-------++-------
Melee: Mace              |    86 |   203 |    37 ||   326
       Kick              |       |       |     5 ||     5
Throw: Boomerang         |       |     2 |     1 ||     3
  Use: Scroll            |     5 |     7 |     1 ||    13
       Potion            |       |     8 |     3 ||    11
 Stab: Sleeping          |       |     3 |       ||     3
       Petrifying        |       |     1 |       ||     1
       Paralysed         |       |     1 |       ||     1
       Confused          |       |       |     2 ||     2
Armor: Robe              |    51 |    87 |    11 ||   149
       Skin              |       |    50 |       ||    50
Dodge: Dodged            |    69 |   130 |    26 ||   225
